Cogmind - Beta 15 @@@ ROGUE MODE // 2025.07.14 @ 02:15:24 Player: cptwinky Result: Destroyed by G-47 Trooper with Particle Gun Performance ------------- Evolutions (0) 0 Regions Visited (4) 800 Robots Destroyed (32) 160 Value Destroyed (776) 776 Prototype IDs (6) 120 Alien Tech Used (0) 0 Bonus (85) 85 TOTAL SCORE: 1941 Bonus ------- Follower Combat Kills 85 Cogmind --------- Core Integrity 0/250 Matter 101/300 Energy 200/200 System Corruption 0% Temperature Cool (9) Movement Treading (240) Ox1 Location -9/Mines Parts ------- > --- POWER (1) -------- Cold Fusion Reactor > --- PROPULSION (2) --- Light Treads Light Treads > --- UTILITY (2) ------ High-capacity Storage Unit Light Armor Plating > --- WEAPON (2) ------- 8R-AWN's Boregun Grenade Launcher > --- INVENTORY (20) --- Reinforced Fission Core Makeshift Leg Makeshift Leg Makeshift Leg Makeshift Leg Makeshift Leg Advanced Myomer Leg Experimental Heat Sink Seismic Detector Advanced Weapon Cycler EX Chip 2 System Purifier Thief Drone Bay (1/3) AS-neutralizer No. 17b Beam Rifle Particle Gun Particle Gun Heavy Assault Rifle 8R-AWN's Boregun Mining Laser Peak State ------------ > --- POWER ------------ Cold Fusion Reactor > --- PROPULSION ------- Light Treads Advanced Myomer Leg > --- UTILITY ---------- Large Storage Unit Light Armor Plating > --- WEAPON ----------- 8R-AWN's Boregun 8R-AWN's Boregun > --- INVENTORY -------- Light Treads Makeshift Leg Makeshift Leg Makeshift Leg Makeshift Leg Makeshift Leg Advanced Weapon Cycler EX Chip 2 System Purifier Thief Drone Bay AS-neutralizer No. 17b Heavy Assault Rifle Grenade Launcher [Rating: 42] Favorites ----------- Power Light Nuclear Core Engine Light Ion Engine Power Core Light Nuclear Core Reactor Cold Fusion Reactor Propulsion Light Treads Treads Light Treads Leg Advanced Myomer Leg Utility Large Storage Unit Device Heat Sink Storage Large Storage Unit Protection Light Armor Plating Weapon 8R-AWN's Boregun Energy Gun Medium Laser Ballistic Gun 8R-AWN's Boregun Launcher Grenade Launcher Build | -11 -10 -10 -10 -9 ------- Run | Yrd Mat Min Exi Min Slots Evolved . | . . . . . Power . | . . . . . Propulsion . | . . . . . Utility . | . . . . . Weapon . | . . . . . Parts Attached 29 | 6 7 6 10 . Power 5 | 1 1 1 2 . Engine 2 | 1 1 . . . Core 2 | . . 1 1 . Reactor 1 | . . . 1 . Propulsion 5 | 2 . 2 1 . Treads 4 | 2 . 2 . . Leg 1 | . . . 1 . Wheel . | . . . . . Hover . | . . . . . Flight . | . . . . . Utility 10 | 1 3 2 4 . Device 4 | . 1 1 2 . Storage 3 | 1 1 . 1 . Processor . | . . . . . Hackware . | . . . . . Protection 3 | . 1 1 1 . Artifact . | . . . . . Weapon 9 | 2 3 1 3 . Energy Gun 4 | 1 3 . . . Energy Cannon . | . . . . . Ballistic Gun 4 | 1 . . 3 . Ballistic Cannon . | . . . . . Launcher 1 | . . 1 . . Special Weapon . | . . . . . Impact Weapon . | . . . . . Slashing Weapon . | . . . . . Piercing Weapon . | . . . . . Special Melee Weapon . | . . . . . Unidentified Prototypes 6 | . . 1 5 . Parts Lost 1 | . . 1 . . Power 1 | . . 1 . . Propulsion . | . . . . . Utility . | . . . . . Weapon . | . . . . . Highest Loss Streak 1 | . . 1 . . To Critical Strikes . | . . . . . Average Backups 8 | 3 7 13 8 20 Power . | . 1 . . 1 Propulsion 2 | 1 2 4 3 6 Utility 2 | . 1 3 2 7 Weapon 2 | . 2 4 2 6 Tool/Special . | . . . . . Unused Backups 25 | . 1 1 10 13 Power 4 | . . . 3 1 Propulsion 9 | . . . 4 5 Utility 8 | . . 1 3 4 Weapon 4 | . 1 . . 3 Tool/Special . | . . . . . Average Slot Usage (%) 98 | . 94 100 99 100 Engine 3 | . 14 1 . . Core 6 | . . 12 7 . Reactor 3 | . . . 6 14 Treads 27 | . 27 28 28 28 Device 1 | . 1 5 . . Storage 11 | . 14 14 9 14 Protection 13 | . 8 8 17 14 Energy Gun 12 | . 20 27 5 . Ballistic Gun 13 | . 6 . 19 14 Launcher 1 | . . . 3 14 Peak Build Rating 42 | 6 9 17 42 30 Average Rating 17 | 5 7 11 23 30 On Entrance 13 | . 6 9 12 38 Naked Turns . | . . . . . Heaviest Build 67 | 11 31 31 67 . Greatest Support 40 | 40 40 40 40 . Greatest Overweight (x) 4 | . 4 . 1 . Average Overweight (x) . | . . . . . Largest Inventory Capacity 20 | 8 15 15 20 20 Average Capacity 12 | 7 10 15 12 20 Most Carried 20 | 6 9 15 20 20 Average Carried 8 | 3 7 13 8 20 Final Capacity 20 | 8 15 15 20 20 Final Carried 20 | 6 8 14 20 20 Class Distribution -------------------- 50% | Scavenger-Mutant 49% | Mutant Dominant Class ---------------- Mutant | -10/Materials Mutant | -10/Mines Scavenger-Mutant | -10/Exiles Scavenger-Mutant | -9/Mines Resources | -11 -10 -10 -10 -9 ----------- Run | Yrd Mat Min Exi Min Matter Collected 1411 | 201 240 112 858 . Remotely . | . . . . . Salvage Created 1247 | 33 470 197 459 88 Parts 109 | 6 23 7 64 9 Haulers Intercepted 1 | . 1 . . . Recyclers Shooed . | . . . . . Parts Field Recycled . | . . . . . Retrieved Matter . | . . . . . Parts Self-Destructed . | . . . . . Prevented . | . . . . . Kills | -11 -10 -10 -10 -9 ------- Run | Yrd Mat Min Exi Min Combat Hostiles Destroyed 22 | . 10 5 4 3 Guns 12 | . 10 2 . . AOE 9 | . . 2 4 3 Classes Destroyed 6 | 1 2 . 3 . Tunneler 2 | 2 . . . . Hauler 1 | . 1 . . . Turret 1 | . . . 1 . Grunt 18 | . 10 5 . 3 Zionite 8 | . . . 8 . Assembled 4 | . . . 4 . Best Kill Streak 8 | 1 2 2 8 3 Combat Bots Only 4 | . 2 2 4 3 Max Kills in Single Turn 2 | 1 1 2 2 1 Gunslinging . | . . . . . Exploded 2 | . . 2 2 1 Melee . | . . . . . Uniques/NPCs Destroyed 3 | . . . 3 . EX-HEX (-10/Exiles) EX-BIN (-10/Exiles) EX-DEC (-10/Exiles) Combat | -11 -10 -10 -10 -9 -------- Run | Yrd Mat Min Exi Min Hostile Shots Fired 115 | . 59 26 14 16 Missed 36 | . 22 5 2 7 Hits 79 | . 37 21 12 9 Projectile 79 | . 37 21 12 9 Critical Strikes 7 | . . 1 6 . Actively Blocked 2 | . . . 2 . Damage Taken 1138 | . 454 296 275 113 Core 262 | . 112 61 61 28 Absorbed by Shields . | . . . . . Redirected to Shielding 14 | . . . 14 . Core Remaining (%) 100 | 100 . . . . Volleys Fired 157 | 2 46 14 90 5 Largest 2 | 2 2 2 2 1 Hottest 115 | 60 105 115 73 30 Shots Fired 270 | 4 90 27 144 5 Gun 244 | 4 90 26 124 . Cannon . | . . . . . Launcher 26 | . . 1 20 5 Special . | . . . . . Kinetic 154 | 2 39 . 113 . Thermal 90 | 2 51 26 11 . Explosive 26 | . . 1 20 5 Electromagnetic . | . . . . . Robot Hit Streak 14 | 3 14 14 12 4 Robot Miss Streak 5 | . 3 3 5 . Penetration Max 1 | . . . 1 . Secondary Targets 1 | . . 1 . . Max Gunslinging Chain 1 | . . 1 . . Shots Hit Robots 164 | 3 64 21 75 1 Core Hits 75 | 2 23 9 36 5 Critical Kills 6 | . . . 6 . Critical Parts Destroyed 10 | . 1 . 9 . Critical Strikes 23 | . 1 1 21 . Burn 3 | . . 1 2 . Destroy 20 | . 1 . 19 . Melee Attacks . | . . . . . Impact . | . . . . . Slashing . | . . . . . Piercing . | . . . . . Sneak Attacks . | . . . . . Combat Hostiles . | . . . . . Follow-up Attacks . | . . . . . Damage Inflicted 3367 | 39 815 381 1746 386 Guns 2351 | 32 806 286 1227 . Cannons . | . . . . . Explosions 973 | . . 90 497 386 Melee . | . . . . . Ramming 43 | 7 9 5 22 . Kinetic 1586 | 10 359 . 1217 . Thermal 765 | 22 447 286 10 . Explosive 973 | . . 90 497 386 Electromagnetic . | . . . . . Impact . | . . . . . Slashing . | . . . . . Piercing . | . . . . . Highest Corruption . | . . . . . Average Corruption . | . . . . . Corruption Purged . | . . . . . Corruption Blocked . | . . . . . Overload Shots . | . . . . . Overflow Damage . | . . . . . Projectiles . | . . . . . Explosions . | . . . . . Melee . | . . . . . Knockbacks . | . . . . . Impact . | . . . . . Kinetic . | . . . . . Secondary . | . . . . . Self-Inflicted Damage 5 | . . . 5 . Shots 1 | . . . 1 . Rammed 18 | 5 4 2 7 . Targets Rammed 19 | 5 4 2 8 . Kicked . | . . . . . Crushed 1 | . . . 1 . Highest Temperature 314 | . 270 314 132 8 Average Temperature 64 | . 69 144 32 3 Received Heat Transfer 510 | . 255 189 . 66 Siege Activations . | . . . . . Martial Activations . | . . . . . Shielding Activations . | . . . . . Robots Disrupted . | . . . . . Combat Hostiles . | . . . . . Robots Corrupted . | . . . . . Combat Hostiles . | . . . . . Parts Fried . | . . . . . Impact Corruptions . | . . . . . Robots Melted 1 | . . 1 . . Combat Hostiles 1 | . . 1 . . Parts Melted 1 | . . 1 . . Heat Transferred 1950 | 50 960 814 126 . Parts Sabotaged . | . . . . . Parts Stolen . | . . . . . Parts Stripped . | . . . . . Power Chain Reactions . | . . . . . Alert | -11 -10 -10 -10 -9 ------- Run | Yrd Mat Min Exi Min Maximum Alert Level . | . . . . . Low Security (%) 100 | 100 100 100 . 100 Level 1 . | . . . . . Level 2 . | . . . . . Level 3 . | . . . . . Level 4 . | . . . . . Level 5 . | . . . . . High Security . | . . . . . Max Security . | . . . . . Peak Influence 148 | 5 148 56 . 85 Initial . | . . . . . Average 43 | . 64 15 . 53 Influence Increases 661 | 10 350 216 . 85 Destroy 0b10 Robot/C 420 | . 200 160 . 60 Destroy 0b10 Robot/NC 15 | 10 5 . . . Destroy Leader 82 | . 52 30 . . Allied During Kill 9 | . . 9 . . Successful Hack 18 | . 18 . . . Destroy Structure 27 | . . 2 . 25 Lose Combat Pursuer 90 | . 75 15 . . Influence Decreases 576 | 10 350 172 44 . Entered New Map 44 | . . . 44 . Time Decay 486 | 10 350 126 . . Lost Part 10 | . . 10 . . Lost Ally 36 | . . 36 . . Squads Dispatched 3 | . 2 1 . . Investigation 3 | . 2 1 . . Extermination . | . . . . . Reinforcement . | . . . . . Assault . | . . . . . Garrison . | . . . . . Intercept . | . . . . . Searches Triggered . | . . . . . Construction Impeded . | . . . . . Haulers Reinforced . | . . . . . Active Scanning Responses . | . . . . . Cargo Convoy Interrupts . | . . . . . Stealth | -11 -10 -10 -10 -9 --------- Run | Yrd Mat Min Exi Min Distress Signals . | . . . . . Communications Jammed . | . . . . . Distress Signals . | . . . . . Times Spotted 47 | . 19 9 13 6 Peak Tracking Total 9 | . 4 2 9 6 Tactical Retreats 9 | . 4 1 4 . Traps | -11 -10 -10 -10 -9 ------- Run | Yrd Mat Min Exi Min Traps Triggered 6 | . 6 . . . Indirectly . | . . . . . Trap Hack Attempts . | . . . . . Triggered . | . . . . . Disarmed . | . . . . . Reprogrammed . | . . . . . Reused . | . . . . . Traps Extracted . | . . . . . Installed . | . . . . . Triggered . | . . . . . Machines | -11 -10 -10 -10 -9 ---------- Run | Yrd Mat Min Exi Min Machines Disabled 14 | . . . 14 . Max in Single Turn 1 | . . . 1 . Machines Repaired . | . . . . . Machines Dismantled . | . . . . . Machines Sabotaged . | . . . . . Overloaded Fab Kills . | . . . . . Hacking | -11 -10 -10 -10 -9 --------- Run | Yrd Mat Min Exi Min Machines Accessed 9 | . 6 2 1 . Terminals 7 | . 6 1 . . Fabricators . | . . . . . Repair Stations . | . . . . . Recycling Units . | . . . . . Scanalyzers . | . . . . . Garrison Access . | . . . . . Total Hacks 23 | . 16 6 1 . Successful 11 | . 9 1 1 . Failed 12 | . 7 5 . . Catastrophic 3 | . 1 2 . . Database Lockouts . | . . . . . Manual 20 | . 15 5 . . Terminals 21 | . 16 5 . . Fabricators . | . . . . . Repair Stations . | . . . . . Recycling Units . | . . . . . Scanalyzers . | . . . . . Garrison Access . | . . . . . Terminal Hacks 5 | . 3 1 1 . Record 1 | . . . 1 . Robot Analysis 3 | . 3 . . . Open Door 1 | . . 1 . . Fabricator Hacks . | . . . . . Repair Station Hacks . | . . . . . Recycling Unit Hacks . | . . . . . Scanalyzer . | . . . . . Garrison Access Hacks . | . . . . . Unauthorized Hacks 6 | . 6 . . . Terminals 6 | . 6 . . . Botnet 1 | . 1 . . . Skim 5 | . 5 . . . Fabricators . | . . . . . Repair Stations . | . . . . . Recycling Units . | . . . . . Scanalyzers . | . . . . . Garrison Access . | . . . . . Data Cores Recovered . | . . . . . Used . | . . . . . Hacking Detections 7 | . 6 1 . . Full Trace Events 1 | . . 1 . . Feedback Events . | . . . . . Feedback Blocked . | . . . . . Robot Schematics Acquired . | . . . . . Robots Built . | . . . . . Authchips . | . . . . . Time . | . . . . . Total Robot Build Rating . | . . . . . Part Schematics Acquired . | . . . . . Parts Built . | . . . . . Authchips . | . . . . . Time . | . . . . . Total Part Build Rating . | . . . . . Parts Repaired . | . . . . . Time . | . . . . . Parts Recycled . | . . . . . Recycled Matter . | . . . . . Retrieved Matter . | . . . . . Retrieved Components . | . . . . . Parts Scanalyzed . | . . . . . Part Schematics Acquired . | . . . . . Parts Damaged . | . . . . . Bothacking | -11 -10 -10 -10 -9 ------------ Run | Yrd Mat Min Exi Min Used RIF Installer . | . . . . . Robots Hacked . | . . . . . Non-combat . | . . . . . Combat . | . . . . . Robot Hacks Applied . | . . . . . Relay Couplers Released . | . . . . . Fabnet Peak Effective % . | . . . . . Robots Rewired . | . . . . . Allies Hacked . | . . . . . Hacks Repelled . | . . . . . Allies | -11 -10 -10 -10 -9 -------- Run | Yrd Mat Min Exi Min Total Allies 2 | . . 2 . . Largest Group 2 | . . 2 . . Highest-Rated Group 46 | . . 46 . . Highest-Rated Ally 31 | . . 31 . . Total Orders 1 | . . . 1 . RETURN 1 | . . . 1 . Ally Attacks 45 | . . 14 31 . Total Damage 351 | . . 169 182 . Kills 3 | . . 3 . . Allies Corrupted . | . . . . . Allies Melted . | . . . . . Intel | -11 -10 -10 -10 -9 ------- Run | Yrd Mat Min Exi Min Active Infowar (turns) . | . . . . . Robot Analysis Total 3 | . 3 . . . Derelict Logs Recovered 1 | . . 1 . . Drone Launches 8 | . . . 8 . Drone Recoveries 6 | . . . 6 . Exploration | -11 -10 -10 -10 -9 ------------- Run | Yrd Mat Min Exi Min Turns Passed 3785 | 148 966 526 2133 12 Spaces Moved 1640 | 77 379 256 928 . Core 6 | 5 1 . . . Treads 1634 | 72 378 256 928 . Legs . | . . . . . Wheels . | . . . . . Hover . | . . . . . Flight . | . . . . . Fastest Speed 50 | 50 160 160 160 . Average Speed 175 | 152 160 160 188 . Slowest Speed 250 | 160 250 160 240 . Overloaded Moves . | . . . . . Propulsion Burnouts . | . . . . . Robots Hopped . | . . . . . Potential Cave-ins . | . . . . . Cave-ins Triggered . | . . . . . Exploration Rate (%) 39 | 6 68 42 78 5 Regions Visited 4 Branch Regions 3 Pre-discovered Areas 3 | . 2 . 1 . Known Exits Taken 1 | . . 1 . . Unknown Exits Taken 3 | 1 1 . 1 . Scrap Searched 2 | . . 2 . . Spaces Dug 8 | . . . . 8 Terrain Destroyed 76 | . . 2 39 35 Melee . | . . . . . Projectile 26 | . . . 26 . AOE 49 | . . 2 12 35 Terrain Rammed . | . . . . . Walls Destroyed . | . . . . . Machines Disabled . | . . . . . Actions | -11 -10 -10 -10 -9 --------- Run | Yrd Mat Min Exi Min Total 2255 | 97 641 344 1167 6 Wait 311 | 2 186 49 74 . Move 1636 | 76 378 255 927 . Hop . | . . . . . Pick Up 43 | 6 4 11 22 . Fast Attach 25 | 6 12 1 6 . Attach 1 | . . 1 . . Detach 5 | . 1 . 4 . Swap 24 | . 4 6 13 1 Drop 34 | . 6 5 23 . Fire 157 | 2 46 14 90 5 Melee . | . . . . . Ram . | . . . . . Kick . | . . . . . Crush 19 | 5 4 2 8 . Escape Stasis . | . . . . . Rewire . | . . . . . Trap . | . . . . . Miscellaneous . | . . . . . Route ------- -11/Scrapyard -10/Materials (discovered 5 exits: *Mat x3 / *Min / Sub) -10/Mines (discovered 4 exits: *Mat x2 / *Exi / Sub) -10/Exiles -9/Mines History --------- Turn | Location | Event 3 | -11/Scrapyard | Discovered new exit (range 16) 149 | -11/Scrapyard | Entered Materials 302 | -10/Materials | Build established: Mutant 508 | -10/Materials | Discovered new exit (range 8) 666 | -10/Materials | Discovered new exit (range 6) 808 | -10/Materials | Discovered new exit (range 16) 873 | -10/Materials | Identified exit to Subcaves 911 | -10/Materials | Identified exit to Materials 911 | -10/Materials | Learned location of 1 exit from Materials 938 | -10/Materials | Learned 4 Subcaves zone layouts 956 | -10/Materials | Learned location of 2 exits from Mines 963 | -10/Materials | Learned 2 Mines zone layouts 970 | -10/Materials | Learned location of Mines (-10) 986 | -10/Materials | Learned location of 2 exits from Mines 1115 | -10/Materials | Entered Mines 1116 | -10/Mines | Identified exit to Exiles 1124 | -10/Mines | Core integrity fell below 50% 1209 | -10/Mines | Joined a pair of Derelicts in attacking an 0b10 outpost 1344 | -10/Mines | Found the Drone Emporium 1353 | -10/Mines | Found Prototype Device 1353 | -10/Mines | Identified Thief Drone Bay 1633 | -10/Mines | Deemed a non-threat by the Exiles lab entrance 1641 | -10/Mines | Entered Exiles 1687 | -10/Exiles | Met 8R-AWN 1714 | -10/Exiles | Met EX-HEX 1775 | -10/Exiles | Met EX-DEC 1806 | -10/Exiles | Learned location of Zion (-6) 2253 | -10/Exiles | Attacked by the Exiles 2364 | -10/Exiles | Core integrity fell below 20% 2386 | -10/Exiles | Found Prototype Ballistic Gun 2386 | -10/Exiles | Identified 8R-AWN's Boregun 2389 | -10/Exiles | Found 8R-AWN's Boregun 2487 | -10/Exiles | Build established: Scavenger-Mutant 2753 | -10/Exiles | Destroyed EX-HEX 2777 | -10/Exiles | Destroyed EX-BIN 2828 | -10/Exiles | Destroyed EX-DEC 2984 | -10/Exiles | Found Deploy-a-Sentry 3025 | -10/Exiles | Found Prototype Device 3591 | -10/Exiles | Found Prototype Device 3591 | -10/Exiles | Identified AS-neutralizer No. 17b 3752 | -10/Exiles | Discovered new exit (range 10) 3774 | -10/Exiles | Entered Mines 3786 | -9/Mines | Destroyed by G-47 Trooper with Particle Gun Last Messages --------------- 03591_ Acquired Prototype Device. 03591_ Identified AS-neutralizer No. 17b. 03598_ Acquired Adv. Weapon Cycler. 03602_ Acquired Prototype Leg. 03602_ Identified Adv. Myomer Leg. 03608_ Acquired Rnf. Fission Core. 03616_ Acquired Prototype Device. 03616_ Identified Exp. Heat Sink. 03624_ Acquired 3 matter. 03677_ Dropped Lrg. Storage Unit. 03685_ Acquired Beam Rifle. 03691_ Acquired Seismic Detector. 03694_ Acquired Mining Laser. 03700_ Acquired Particle Gun. 03716_ Extracted 100 matter. 03752_ EXIT=FOUND LOCATION=UNKNOWN GOAL=ESCAPE 03775_ Seismic Survey Station disabled. 03776_ G-34 Mercenary destroyed. Map ----- +----------------------------------------------------+ | | | | | | | | | | | ?????????????????????????????????????????????????? | | ?????????????????????????????????????????????????? | | ?????????????????????????????????????????????????? | | ?????????????????????????????????????????????????? | | ?????????????????????????????????????????????????? | | ?????????????????????????????????????????????????? | | ?????????????????????????????????????????????????? | | ?????????????????????????????????????????????????? | | ?????????????????????????????????????????????????? | | ?????????????????????????????????????????????????? | | ?????????????????????????????????????????????????? | | ?????????????????????????????????????????????????? | | ??????????????????#######????????????????????????? | | ??????????????????# # ##??????????????????????? | | ??????????????????# ######?????????????????? | | ??????????????????# ! #?????????????????? | | ???????????????#### % #?????????????????? | | ??????????? # * #?????????????????? | | ?????????? =%g """ #?????????????????? | | ?????????? g% [ "" #?????????????????? | | ?????????? g @ "" #?????????????????? | | ?????????? # #?????????????????? | | ??????????????????# ########?????????????????? | | ??????????????????#### #?????????????????????????? | | ?????????????????????# ??????????????????????????? | | ?????????????????????#???????????????????????????? | | ?????????????????????????????????????????????????? | | ?????????????????????????????????????????????????? | | ?????????????????????????????????????????????????? | | ?????????????????????????????????????????????????? | | ?????????????????????????????????????????????????? | | ?????????????????????????????????????????????????? | | ?????????????????????????????????????????????????? | | ?????????????????????????????????????????????????? | | ?????????????????????????????????????????????????? | | ?????????????????????????????????????????????????? | | ?????????????????????????????????????????????????? | | ?????????????????????????????????????????????????? | | ?????????????????????????????????????????????????? | | ?????????????????????????????????????????????????? | | ?????????????????????????????????????????????????? | | ?????????????????????????????????????????????????? | | ?????????????????????????????????????????????????? | | ?????????????????????????????????????????????????? | | ?????????????????????????????????????????????????? | +----------------------------------------------------+ Best States ------------- Heat Dissipation 35 Energy Generation 17 Energy Capacity 200 Matter Stores 300 Matter Capacity 300 Sight Range 16 Terrain Scan Density 10 Armor Coverage 150 Core Shielding 20 Evasion (%) 40 Recoil Reduction 2 Item Schematics ----------------- None Robot Schematics ------------------ None Fabricated ------------ Nothing Repaired ---------- Nothing Alien Tech Used ----------------- None Achievements -------------- None Challenges ------------ None Game ------ Seed ArmoredImpactMatter Manual? 0 Play Time 00:18:20 Cumulative 1895.5 hours Start 2025.07.14 @ 01:57:11 End 2025.07.14 @ 02:15:24 Sessions 1 Manual Loads 0 Difficulty Rogue Special Mode None Game No. 1252 Rogue 1248 Adventurer 4 Explorer 0 Win Type - Total 246 Types 183/12/19/10/3/1/4/9/4/1 Lore% 98 Gallery% 94 Achievement% 98 Wizard Run 0 Options --------- Layout 2 ASCII 0 Keyboard 1 Movement Vi Keybinds 0 Fullscreen 0 Font 24/Terminus Map View 59x48 Zoom Use 0% Tactical HUD 1 Map Filters NONE Filters NONE Steam 1 RUN: 37fcfa44-052c-4860-9e9a-429d71e49e3b